 Dungeon Crawl Stone Soup version 0.28-a0-1622-gc30f734a66 (webtiles) character file.

Game seed: 2103156631402752178

12610 Anathary the Carver (level 11, -1/93 HPs)
             Began as a Demonspawn Gladiator on Jan 23, 2022.
             Was a Priest of Ashenzari.
             Slain by a swamp worm (6 damage)
             ... on level 2 of the Lair of Beasts.
             The game lasted 00:45:00 (11762 turns).

Anathary the Carver (Demonspawn Gladiator)         Turns: 11762, Time: 00:45:02

Health: -1/93      AC: 29    Str: 18    XL:     11   Next: 64%
Magic:  11/11      EV: 15    Int: 10    God:    Ashenzari [***...]
Gold:   473        SH:  0    Dex: 15    Spells: 10/10 levels left

rFire   + + .      SeeInvis +   y - +5 great sword (protect)
rCold   x . .      Faith    .   (shield currently unavailable)
rNeg    . . .      Spirit   .   o - +6 chain mail {rF+}
rPois   .          Reflect  .   c - +0 helmet "Shackled Secrets" {Self, Melee} (curse)
rElec   .          Harm     .   (no cloak)
rCorr   .          Rampage  .   (no gloves)
Will    .....      Clarity  +   (boots unavailable)
Stlth   ..........              u - amulet of the Shattered Anxiety {Regen+, Fort, Melee} (curse)
HPRegen 1.05/turn               m - ring "Share My Oracle" {Fire, Evo, Alch} (curse)
MPRegen 0.12/turn               n - ring of the Chained Oracle {AC+4, Self, Cun} (curse)

@: mighty, agile, under a protective aura
A: hooves 3, ignite blood 1, powered by pain 2
a: Renounce Religion, Curse Item, Shatter the Chains


You were on level 2 of the Lair of Beasts.
You worshipped Ashenzari.
Ashenzari was most pleased with you.
You visited 3 branches of the dungeon, and saw 13 of its levels.

You collected 473 gold pieces.

Inventory:

Hand Weapons
 a - a +1 long sword
 y - a +5 great sword of protection (weapon)
Missiles
 d - 4 throwing nets (quivered)
Armour
 b - a +0 leather armour
 c - the cursed +0 helmet "Shackled Secrets" (worn) {Self, Melee}

   It has a curse which improves the following skills: Introspection: Fighting
   and Spellcasting.
   Melee Combat: Short Blades, Long Blades, Axes, Maces & Flails, Polearms,
   Staves and Unarmed Combat.
 o - a +6 chain mail of fire resistance (worn)
 q - a +1 leather armour of fire resistance
 t - a +2 hat
Jewellery
 f - an amulet of magic regeneration
 m - the cursed ring "Share My Oracle" (left hand) {Fire, Evo, Alch}
   (You found it on level 2 of the Dungeon)

   [ring of fire]

   It enhances your fire magic.
   rF:        It protects you from fire.
   rC:        It makes you vulnerable to cold.
   It has a curse which improves the following skills: Evocations: Evocations.
   Alchemy:   Poison Magic and Transmutations.
 n - the cursed ring of the Chained Oracle (right hand) {AC+4, Self, Cun}
   (You found it on level 3 of the Dungeon)

   [ring of protection]

   AC:        It affects your AC (+4).
   It has a curse which improves the following skills: Introspection: Fighting
   and Spellcasting.
   Cunning:   Dodging and Stealth.
 u - the cursed amulet of the Shattered Anxiety (around neck) {Regen+, Fort, Melee}
   (You found it on level 6 of the Dungeon)

   [amulet of regeneration]

   Regen:     It increases your rate of health regeneration.
   It has a curse which improves the following skills: Fortitude: Armour and
   Shields.
   Melee Combat: Short Blades, Long Blades, Axes, Maces & Flails, Polearms,
   Staves and Unarmed Combat.
 x - a ring of protection from fire
 B - a ring of ice
 C - a +6 ring of dexterity
Wands
 z - a wand of iceblast (8)
 A - a wand of acid (9)
 E - a wand of flame (11)
Scrolls
 e - 5 scrolls of identify
 g - 5 scrolls of teleportation
 l - 2 scrolls of fear
 p - a scroll of silence
 s - 2 scrolls of vulnerability
 v - a scroll of amnesia
 w - a scroll of magic mapping
 D - a scroll of fog
 I - a scroll of enchant weapon
Potions
 h - a potion of attraction
 i - a potion of magic
 j - a potion of might
 k - 2 potions of curing
 r - 2 potions of brilliance
 F - a potion of flight
 G - 2 potions of haste
 H - a potion of cancellation


   Skills:
 + Level 8.5(11.0) Fighting
 + Level 12.8(15.2) Long Blades
 + Level 2.0 Throwing
 + Level 7.9(9.5) Armour
 + Level 5.3(6.9) Dodging


You had 10 spell levels left.
You didn't know any spells.
Your spell library contained the following spells:

 Spells                   Type           Power      Damage    Failure   Level
 Frozen Ramparts          Ice            0%         1d2       100%        3
 Gell's Gravitas          Tloc           0%         N/A       100%        3
 Lesser Beckoning         Tloc           0%         N/A       100%        3
 Teleport Other           Tloc           0%         N/A       100%        3
 Animate Dead             Necr           0%         N/A       100%        4
 Ice Form                 Ice/Tmut       0%         N/A       100%        4
 Summon Ice Beast         Ice/Summ       0%         N/A       100%        4
 Borgnjor's Vile Clutch   Necr/Erth      0%         N/A       100%        5
 Death Channel            Necr           0%         N/A       100%        6
 Dispersal                Tloc           0%         N/A       100%        6


Dungeon Overview and Level Annotations

Branches:
Dungeon (10/15)            Temple (1/1) D:7            Lair (2/6) D:10
  Swamp (0/4) Lair:2
  Snake: Lair:2-4    Spider: Lair:2-4       Orc: D:9-12

Altars:
Ashenzari
Cheibriados
Dithmenos
Elyvilon
Fedhas
Gozag
Hepliaklqana
Kikubaaqudgha
Makhleb
Nemelex Xobeh
Okawaru
Qazlal
Ru
Sif Muna
Trog
Uskayaw
Vehumet
Wu Jian
Xom
Yredelemnul
Zin
The Shining One

Shops:
D:3 ?   D:4 ?   D:8 *   D:10 [


Innate Abilities, Weirdness & Mutations

You have hooves in place of feet.
Your demonic aura sometimes causes spilled blood to erupt in flames.
You sometimes gain power by taking damage.


Message History

The eight-headed hydra barely misses you.
The eight-headed hydra bites you but does no damage.
The eight-headed hydra closely misses you.
The eight-headed hydra barely misses you. x2
The eight-headed hydra bites you but does no damage.
The eight-headed hydra bites you.
The eight-headed hydra bites you but does no damage.
The komodo dragon barely misses you.
You slice one of the eight-headed hydra's heads off!
The seven-headed hydra grows two more!
You hit the nine-headed hydra. Your kick misses the nine-headed hydra.
The nine-headed hydra is heavily wounded.
The swamp worm bites you but does no damage.
The komodo dragon bites you but does no damage.
The nine-headed hydra bites you but does no damage. x3
The nine-headed hydra completely misses you.
The nine-headed hydra bites you. x2
The nine-headed hydra completely misses you.
The nine-headed hydra bites you but does no damage. x2
You barely miss the nine-headed hydra. You kick the nine-headed hydra!
The nine-headed hydra is heavily wounded.
The swamp worm bites you!
* * * LOW HITPOINT WARNING * * *
You focus on the pain.
You feel very mighty all of a sudden.
The iguana hisses menacingly.
The nine-headed hydra bites you but does no damage. x2
The nine-headed hydra misses you. x2
The nine-headed hydra completely misses you.
The nine-headed hydra bites you but does no damage. x2
The nine-headed hydra barely misses you.
The nine-headed hydra misses you. The komodo dragon bites you!!
* * * LOW HITPOINT WARNING * * *
You chop one of the nine-headed hydra's heads off!
The eight-headed hydra grows two more!
You slice the ten-headed hydra like a ripe choko!!!
You kill the ten-headed hydra!
The swamp worm fires a harpoon shot at you.
The harpoon shot misses you. The swamp worm bites you.
You die...

......#..#########...#.###.###P..
......#..# #....### ### #...
......#..# ##..## ##.. ......#..#
♣..P* P.. .........# ♣..#♣ * #♣..
......P..## *♣♣,* *> ♣♣.
....#.....# ##♣l♣♣ *, *
.........## #..l≈♣.♣♣
.........#### #.@†w≈..♣*
.........##P###.♣w≈≈D..♣ ≈ *
#...............♣≈≈≈≈..♣ ≈ ,
...>.........##.♣≈≈≈≈♣§♣ ,
##...........###♣≈≈≈≈♣§§ ≈≈≈ *.
#............##*≈≈≈≈♣ ,, ≈ ♣.
#.....###....P#*≈≈≈♣♣ , ♣♣♣..
#.....# ###..#♣♣♣♣♣♣#♣♣♣♣♣♣♣....
##.....## #.###.#♣♣#.#♣.♣.......


You could see an eight-headed hydra, a komodo dragon, 2 swamp worms and an
iguana.

Vanquished Creatures
  2 two-headed ogres
  2 hydras
  Pikel (D:8)
  3 black mambas
  2 komodo dragons (Lair:1)
  2 cane toads (Lair:1)
  2 trolls (D:9)
  A polar bear (Lair:1)
  2 wyverns
  18 yaks
  2 basilisks
  A steam dragon (D:7)
  2 vampire mosquitoes (D:10)
  An acid dragon (D:10)
  4 water moccasins
  An ice beast (D:7)
  3 ogres
  5 black bears
  2 sky beasts
  2 necrophages
  3 centaurs
  2 lemures (D:8)
  2 phantoms
  4 kobold brigands
  5 bullfrogs
  2 scorpions
  A water moccasin zombie (D:5)
  3 wights (D:8)
  4 howler monkeys
  An electric eel (Lair:1)
  3 centaur zombies
  4 orc priests
  2 gnoll shamans
  2 hounds
  Jessica (D:3)
  4 orc wizards
  A killer bee zombie (D:7)
  A howler monkey zombie (D:8)
  17 gnolls
  2 adders
  A shadow imp (D:6)
  A white imp (D:6)
  An ufetubus (D:7)
  2 adder skeletons (D:4)
  4 worms
  3 dart slugs
  22 orcs
  3 bats
  9 endoplasms
  A giant cockroach (D:4)
  7 goblins
  7 hobgoblins
  3 jackals (D:5)
  A quokka (D:1)
  7 ball pythons
  A frilled lizard (D:1)
  24 kobolds
  4 rats
223 creatures vanquished.

Vanquished Creatures (others)
  4 fungi
  7 plants (Lair:1)
11 creatures vanquished.

Grand Total: 234 creatures vanquished

Notes
Turn   | Place    | Note
-------+----------+-------------------------------------------
     0 | D:1      | Anathary the Demonspawn Gladiator began the quest for the
                  | Orb.
     0 | D:1      | Reached XP level 1. HP: 16/16 MP: 1/1
    14 | D:1      | Noticed a minotaur skeleton
    18 | D:1      | Noticed a minotaur skeleton
   424 | D:1      | Gained mutation: You have large cloven feet. [demonic
                  | ancestry]
   424 | D:1      | Reached XP level 2. HP: 22/22 MP: 2/2
   492 | D:1      | Found a faded altar of an unknown god.
   498 | D:1      | Prayed at the altar of an unknown god.
   498 | D:1      | Became a worshipper of Ashenzari the Shackled
   612 | D:1      | Reached skill level 3 in Long Blades
  1039 | D:2      | Gained mutation: You have hoof-like feet. [demonic
                  | ancestry]
  1039 | D:2      | Reached XP level 3. HP: 28/28 MP: 3/3
  1905 | D:3      | Found Kiaqonas's Magic Scroll Boutique.
  2061 | D:3      | Identified the +5 scale mail of the Desert {rC+ Str-5 Int+7
                  | Stlth+}
  2218 | D:3      | Noticed Jessica
  2224 | D:3      | Killed Jessica
  2225 | D:3      | Reached skill level 1 in Armour
  2225 | D:3      | Gained mutation: You have hooves in place of feet. [demonic
                  | ancestry]
  2225 | D:3      | Reached XP level 4. HP: 34/34 MP: 4/4
  2522 | D:3      | Reached skill level 4 in Long Blades
  2893 | D:4      | Reached XP level 5. HP: 12/39 MP: 5/5
  3152 | D:4      | Found Houmiac's Magic Scroll Shoppe.
  3234 | D:4      | Noticed a necrophage
  3245 | D:4      | Killed a necrophage
  3246 | D:4      | Reached XP level 6. HP: 41/47 MP: 6/6
  3392 | D:4      | Reached skill level 5 in Long Blades
  4493 | D:5      | Entered Level 5 of the Dungeon
  4702 | D:5      | Reached XP level 7. HP: 47/54 MP: 7/7
  4972 | D:5      | Reached skill level 6 in Long Blades
  5117 | D:5      | Noticed a yak
  5117 | D:5      | Noticed a yak
  5119 | D:5      | Noticed a yak
  5128 | D:5      | Noticed a yak
  5137 | D:5      | Killed a yak
  5153 | D:5      | Killed a yak
  5154 | D:5      | Gained mutation: You sometimes gain a little power by
                  | taking damage. [demonic ancestry]
  5154 | D:5      | Reached XP level 8. HP: 43/61 MP: 8/8
  5162 | D:5      | Reached skill level 7 in Long Blades
  5650 | D:5      | Reached skill level 8 in Long Blades
  5849 | D:6      | Reached * piety under Ashenzari
  6364 | D:5      | Reached skill level 5 in Fighting
  7235 | D:6      | Gained mutation: You sometimes gain power by taking damage.
                  | [demonic ancestry]
  7235 | D:6      | Reached XP level 9. HP: 65/71 MP: 9/9
  7290 | D:6      | Reached ** piety under Ashenzari
  7703 | D:7      | Found a staircase to the Ecumenical Temple.
  7722 | Temple   | Entered the Ecumenical Temple
  7837 | D:7      | Reached skill level 9 in Long Blades
  7845 | D:7      | Reached skill level 5 in Armour
  7954 | D:7      | Reached *** piety under Ashenzari
  8993 | D:8      | Found Epeyme's Assorted Antiques.
  9048 | D:8      | Noticed Pikel
  9073 | D:8      | Killed Pikel
  9074 | D:8      | Reached skill level 10 in Long Blades
  9074 | D:8      | Reached XP level 10. HP: 81/83 MP: 10/10
  9152 | D:9      | Identified the +1 robe "Tofa" {Rampage}
  9312 | D:9      | Noticed a two-headed ogre
  9323 | D:9      | Killed a two-headed ogre
  9708 | D:10     | Entered Level 10 of the Dungeon
  9708 | D:10     | Noticed a two-headed ogre
  9719 | D:10     | Killed a two-headed ogre
  9720 | D:10     | Reached skill level 11 in Long Blades
  9809 | D:10     | Reached skill level 5 in Dodging
  9851 | D:10     | Found a hide-covered altar of Uskayaw.
  9982 | D:10     | Found Henuabod's Armour Shop.
 10003 | D:10     | Found a staircase to the Lair.
 10111 | Lair:1   | Entered Level 1 of the Lair of Beasts
 10120 | Lair:1   | Noticed a black mamba
 10130 | Lair:1   | Killed a black mamba
 10131 | Lair:1   | Gained mutation: Your demonic aura sometimes causes spilled
                  | blood to erupt in flames. [demonic ancestry]
 10131 | Lair:1   | Reached XP level 11. HP: 84/91 MP: 11/11
 10388 | Lair:1   | Noticed a six-headed hydra
 10395 | Lair:1   | Killed an eight-headed hydra
 10396 | Lair:1   | Reached skill level 12 in Long Blades
 11755 | Lair:2   | Noticed a six-headed hydra
 11757 | Lair:2   | Noticed an eight-headed hydra
 11761 | Lair:2   | HP: 4/93 [komodo dragon (19)]
 11762 | Lair:2   | Killed a ten-headed hydra
 11762 | Lair:2   | Slain by a swamp worm

Illustrated notes

Levels and vault maps discovered:
D:1:      shiori_arrival_whats_in_store_for_you, layout_rooms,
          dreamdust_ecumenical_altar_angels_and_demons
D:2:      layout_loops_ring
D:3:      layout_basic, serial_shops, shop_statue, minivault_4,
          serial_park_tiny_2, minmay_misc_feat_nine_boxes, uniq_jessica
D:4:      layout_basic, serial_shops, shop_scrolls,
          ebering_dispersal_statue_hall
D:5:      layout_loops_ring
D:6:      layout_gridville
D:7:      layout_loops_ring, minmay_temple_entry_trees
D:8:      layout_rooms, serial_shops, shop, uniq_pikel
D:9:      layout_gridville
D:10:     layout_gridville, nicolae_uskayaw_murder_on_the_dancefloor,
          lair_entry_dummy, serial_shops, nicolae_stop_n_shop_2
Temple:   compressed_dpeg_triangle_lava_temple
Lair:1:   layout_layer_cave, gammafunk_lair_bear_cave
Lair:2:   layout_chaotic_city, palyth_hydra_swamp_entry

Skill      XL: |  1  2  3  4  5  6  7  8  9 10 11 |
---------------+----------------------------------+-----
Dodging        | 3 4 5 |  5.3
Long Blades    | 3 4 5 6 8 10 11 12 | 12.8
Throwing       | 2 |  2.0
Armour         | 1 2 3 4 5 7 |  7.9
Fighting       | 3 4 5 6 7 8 |  8.5

Action                   |  1- 3 |  4- 6 |  7- 9 | 10-12 || total
-------------------------+-------+-------+-------+-------++-------
Melee: Long sword        |    80 |   144 |   253 |       ||   477
       Kick              |    11 |    39 |   100 |    66 ||   216
       Punch             |     1 |     3 |     8 |       ||    12
       Great sword       |       |       |    25 |   180 ||   205
Invok: Curse Item        |       |     1 |     3 |       ||     4
  Use: Scroll            |       |    10 |     4 |     4 ||    18
       Potion            |       |       |     1 |     2 ||     3
Armor: Leather armour    |    31 |    53 |       |       ||    84
       Chain mail        |       |       |   207 |   191 ||   398
Dodge: Dodged            |    50 |    70 |   130 |   157 ||   407

Table legend: (Time is in decaauts)
 A = Elapsed time spent in this place.
 B = Non-inter-level travel time spent in this place.
 C = Inter-level travel time spent in this place.
 D = Time resting spent in this place.
 E = Time spent auto-exploring this place.
 F = Levels seen in this place.
 G = Mean time per level.
                   A        B        C        D        E       F      G
               +--------+--------+--------+--------+--------+-----+--------+
         Total |  11797 |  11454 |    343 |   3424 |   2858 |  13 |  907.5 |
       Dungeon |  10047 |   9727 |    320 |   3365 |   1907 |  10 | 1004.7 |
        Temple |    102 |    102 |      0 |      0 |      0 |   1 |  102.0 |
          Lair |   1647 |   1624 |     23 |     59 |    951 |   2 |  823.5 |
               +--------+--------+--------+--------+--------+-----+--------+

Top non-repeatable levels by time:
     D:5: 1934 daAuts
     D:4: 1621 daAuts
     D:6: 1206 daAuts
  Lair:1: 1193 daAuts
     D:2: 1013 daAuts
     D:3: 1009 daAuts
     D:1: 887 daAuts
     D:7: 830 daAuts
     D:8: 576 daAuts
     D:9: 564 daAuts
  Lair:2: 454 daAuts
    D:10: 403 daAuts
  Temple: 102 daAuts
